AoeStats
← Noder Neder WAKANDA

Nomad

510272648Analyzed
2v2 RM · 1d ago on Sep 30, 2026· 29m 54s· 4 players
Game mode
Random Map
Map size
176×176
Population
200
Speed
Normal
Resources
Standard
Victory
Conquest
Starting age
Dark Age
Ending age
Imperial Age
RankedLock teamsTeams togetherTeam positionsShared explorationLock speedFull tech treeHidden civsTurbo modeCheats
Victory
Defeat
🇦🇺 Varangians · Australia
961
+16
🇦🇺 Persians · Australia
961
+17
🇩🇪 Huns · Germany
994
-17
🇮🇱 Vietnamese · Israel
963
-16
Bubba
4:33 Loom
13:34 Feudal Age
16:24 Double-Bit Axe
20:26 Forging
22:45 Castle Age
23:02 Fishing Lines
24:00 Medium Warships
25:16 Bloodlines
26:28 Light Cavalry
29:01 Bow Saw
Benow
5:50 Loom
12:53 Feudal Age
14:08 Double-Bit Axe
19:18 Castle Age
20:00 Medium Warships
20:26 Gold Mining
20:28 Stone Mining
22:32 Stone Shaft Mining
21:28 Pikeman
22:11 Squires
25:28 Kamandaran
25:22 Fletching
26:55 Murder Holes
27:05 Gold Mining
28:35 Ballistics
nils.odenbach
15:12 Feudal Age
20:06 Castle Age
20:12 Bloodlines
21:45 Gold Mining
21:43 Double-Bit Axe
27:24 Wheelbarrow
Noder Neder WAKANDA
15:03 Feudal Age
14:24 Loom
15:29 Double-Bit Axe
20:10 Castle Age
19:01 Fishing Lines
19:40 Stone Mining
20:59 Gillnets
21:26 Bow Saw
22:39 Town Watch
23:30 Wheelbarrow
22:18 Elite Skirmisher
22:22 Pikeman
23:02 Squires
22:49 Arson
24:01 Padded Archer Armor
23:52 Fletching
24:04 Scale Mail Armor
25:05 Gold Mining
27:43 Forging
27:49 Leather Archer Armor
27:29 Bodkin Arrow
Connection lost

Rejoining the realm…

Still unreachable

The connection could not be restored.

Session expired

The server has moved on; the page needs a fresh start.